 Dungeon Crawl Stone Soup version 0.22-a0-271-gc000056a37 (webtiles) character file.

16 Manul the Sneak (level 2, 0/22 HPs)
             Began as a Demonspawn Assassin on Mar 10, 2018.
             Slain by a jackal (2 damage)
             ... on level 1 of the Dungeon.
             The game lasted 00:00:37 (463 turns).

Manul the Sneak (Demonspawn Assassin)                Turns: 463, Time: 00:00:38

Health: 0/22       AC:  9    Str: 11    XL:     2   Next: 41%
Magic:  2/2        EV:  5    Int: 12    God:
Gold:   21         SH:  0    Dex: 14    Spells: 1/1 levels left

rFire    . . .     SeeInvis .   o - -2 whip (curse)
rCold    . . .     Gourm    .   (no shield)
rNeg     . . .     Faith    .   k - +0 chain mail (curse)
rPois    .         Spirit   .   (no helmet)
rElec    .         Reflect  .   d - +0 cloak
rCorr    .         Harm     .   (no gloves)
MR       .....                  (no boots)
Stlth    ..........             (no amulet)
HPRegen  0.07/turn              (no ring)
MPRegen  0.08/turn              (no ring)

@: no status effects
A: powered by pain 1
a: no special abilities


You were on level 1 of the Dungeon.
You were not hungry.

You visited 1 branch of the dungeon, and saw 1 of its levels.

You collected 21 gold pieces.

Inventory:

Hand Weapons
 a - a +2 dagger
 b - a +0 blowgun
 o - a cursed -2 whip (weapon)
Missiles
 e - 8 poisoned needles
 f - 2 curare-tipped needles
Armour
 c - a +0 robe
 d - a +0 cloak (worn)
 k - a cursed +0 chain mail (worn)
Potions
 h - a potion of mutation {unknown}
 j - a potion of brilliance
 m - a potion of curing {unknown}
Comestibles
 g - a ration


   Skills:
 + Level 2.0 Fighting
 + Level 1.8 Short Blades
 + Level 1.8 Throwing
 + Level 0.9 Dodging
 + Level 4.2 Stealth


You had one spell level left.
You didn't know any spells.

Dungeon Overview and Level Annotations

Branches:
Dungeon (1/15)

Altars:


Innate Abilities, Weirdness & Mutations

You sometimes gain a little power by taking damage.


Message History

The jackal bites you.
* * * LOW HITPOINT WARNING * * *
The jackal bites you but does no damage.
The jackal barely misses you.
The jackal bites you but does no damage.
The jackal barely misses you. The jackal bites you.
* * * LOW HITPOINT WARNING * * *
The jackal bites you but does no damage.
The jackal bites you but does no damage.
The jackal bites you but does no damage. x2
The jackal bites you.
* * * LOW HITPOINT WARNING * * *
The jackal barely misses you.
The jackal bites you but does no damage. x2
The jackal bites you but does no damage.
The jackal barely misses you.
The jackal bites you but does no damage.
The jackal bites you.
You die...

≈≈≈≈.<.≈≈≈≈≈..###..#
#.#
≈≈≈≈.≈≈≈≈≈≈≈...###.#
#.# ≈.≈≈≈.≈≈≈≈≈.≈≈≈.
#.#####.#
.≈≈≈≈≈.≈≈≈.≈≈≈≈
#.......#
#.≈≈≈≈≈.≈.≈≈≈≈
##.######
.....≈.....≈≈ ##.#
#.###.###.≈≈. ###..#
## ##.
#≈#####.#..#### ##
#...h@#.....# .#
....###...###.# #
#..####.#
######.......# ####
#..........### ...
.#..........# #..
............# #.#
.............# #.#
....#####.#####


You could see a jackal.

Vanquished Creatures
  A leopard gecko (D:1)
  2 giant cockroaches (D:1)
  A goblin (D:1)
  2 hobgoblins (D:1)
  3 kobolds (D:1)
  A bat (D:1)
  3 frilled lizards (D:1)
  3 rats (D:1)
16 creatures vanquished.

Notes
Turn   | Place    | Note
-------+----------+-------------------------------------------
     0 | D:1      | Manul the Demonspawn Assassin began the quest for the Orb.
     0 | D:1      | Reached XP level 1. HP: 16/16 MP: 1/1
   141 | D:1      | Reached skill level 4 in Stealth
   144 | D:1      | Gained mutation: You sometimes gain a little power by taking damage. [demonic ancestry]
   144 | D:1      | Reached XP level 2. HP: 18/22 MP: 2/2
   463 | D:1      | Slain by a jackal

Vault maps used:
D:1:      dpeg_arrival_subterranean_lakeside_camping, minmay_tetromino_s2

Skill      XL: |  1 |
---------------+----+-----
Stealth        | 4 |  4.2
Fighting       | |  2.0
Short Blades   | |  1.8
Throwing       | |  1.8
Dodging        | |  0.9

Action                   || total
-------------------------++-------
Melee: Dagger            ||    35
  Use: Scroll            ||     2
 Stab: Sleeping          ||     6
Armor: Robe              ||     6
       Chain mail        ||   100
Dodge: Dodged            ||    43

Table legend:
 A = Spawn XP
 B = Non-spawn XP
 C = Spawn XP percentage of total XP
 D = Spawn monster count
 E = Non-spawn monster count
 F = Spawn count percentage of total count
 G = Total turns spent on level
                    A         B        C        D         E        F      G
               +---------+---------+-------+---------+---------+-------+---------
         Total |       0 |      24 |   0.0 |       0 |      16 |   0.0 |   463
               +---------+---------+-------+---------+---------+-------+---------
           D:1 |       0 |      24 |   0.0 |       0 |      16 |   0.0 |   463
               +---------+---------+-------+---------+---------+-------+---------
